AoeStats
← Gaius Marius

Black Forest

506302565Analyzed
1v1 RM · 18d ago on Sep 13, 2026· 76m 23s· 2 players
Game mode
Random Map
Map size
Tiny (2 player)
Population
200
Speed
Normal
Resources
Standard
Victory
Conquest
Starting age
Dark Age
Ending age
Imperial Age
RankedLock teamsTeams togetherTeam positionsShared explorationLock speedFull tech treeHidden civsTurbo modeCheats
Victory
Defeat
🇺🇸 Goths · United States
854
+15
🇧🇷 Slavs · Brazil
842
-15
pulpCheers_
0:36 Loom
11:30 Feudal Age
15:59 Castle Age
14:10 Horse Collar
15:39 Stone Mining
18:00 Double-Bit Axe
21:32 Town Watch
22:52 Gold Mining
23:59 Heavy Plow
26:08 Forging
26:53 Gold Shaft Mining
27:07 Bow Saw
27:51 Iron Casting
29:05 Wheelbarrow
29:08 Scale Barding Armor
32:51 Imperial Age
31:04 Hand Cart
30:56 Town Patrol
34:11 Murder Holes
34:31 Masonry
34:45 Detinets
35:08 Conscription
35:02 Capped Ram
35:28 Onager
37:20 Elite Boyar
37:49 Siege Onager
40:13 Two-Man Saw
40:13 Chain Barding Armor
42:52 Chemistry
53:09 Siege Engineers
55:01 Heavy Scorpion
63:00 Blast Furnace
63:44 Ballistics
63:31 Man-at-Arms
64:12 Squires
64:50 Plate Barding Armor
64:15 Scale Mail Armor
64:42 Long Swordsman
66:18 Crop Rotation
65:32 Two-Handed Swordsman
66:44 Druzhina
67:09 Champion
71:20 Chain Mail Armor
73:20 Plate Mail Armor
Gaius Marius
0:33 Loom
13:02 Feudal Age
13:55 Double-Bit Axe
13:55 Horse Collar
22:01 Castle Age
20:20 Scale Mail Armor
20:45 Fletching
20:46 Man-at-Arms
21:42 Forging
21:49 Padded Archer Armor
23:48 Bow Saw
24:27 Elite Skirmisher
24:56 Long Swordsman
27:39 Wheelbarrow
27:56 Pikeman
31:34 Bodkin Arrow
36:27 Imperial Age
34:38 Heavy Plow
35:21 Chain Mail Armor
36:45 Halberdier
38:10 Perfusion
38:58 Iron Casting
38:53 Stone Mining
41:25 Blast Furnace
40:47 Hand Cart
45:47 Elite Huskarl
46:40 Elite Huskarl
47:36 Anarchy
48:08 Elite Huskarl
68:57 Two-Handed Swordsman
69:56 Champion
Connection lost

Rejoining the realm…

Still unreachable

The connection could not be restored.

Session expired

The server has moved on; the page needs a fresh start.